 Dungeon Crawl Stone Soup version 0.27.1-3-gb3d3a73c9e (webtiles) character file.

Game seed: 14824551463204070572

7972 Trumpetguy the Arsonist (level 11, 0/54 HPs)
             Began as a Deep Elf Fire Elementalist on Oct 6, 2021.
             Was a Believer of Sif Muna.
             Killed from afar by a shock serpent (shapeshifter) (14 damage)
             ... with a bolt of electricity
             ... on level 13 of the Dungeon on Oct 7, 2021.
             The game lasted 02:59:36 (19820 turns).

Trumpetguy the Arsonist (DEFE)                     Turns: 19820, Time: 02:59:37

Health: 0/54       AC:  7    Str:  9    XL:     11   Next: 3%
Magic:  18/21      EV: 15    Int: 27    God:    Sif Muna [**....]
Gold:   408        SH:  0    Dex: 15    Spells: 7/21 levels left

rFire    + + +     SeeInvis .   M - +9 short sword of Integrity {speed, Contam rF+++ Str+4 Int+3}
rCold    . . .     Faith    .   (no shield)
rNeg     . . .     Spirit   .   l - +2 robe {Will+}
rPois    +         Reflect  .   p - +0 helmet
rElec    .         Harm     .   d - +0 cloak
rCorr    .         Rampage  .   (no gloves)
Will     ++...                  s - +0 pair of boots
Stlth    ++++......             (no amulet)
HPRegen  0.18/turn              E - ring of poison resistance
MPRegen  0.17/turn              (no ring)

@: no status effects
A: no striking features
a: Renounce Religion, Channel Magic


You were on level 13 of the Dungeon.
You worshipped Sif Muna.
Sif Muna was pleased with you.
You visited 2 branches of the dungeon, and saw 12 of its levels.
You also visited: Sewer.

You collected 600 gold pieces.
You spent 192 gold pieces at shops.

Inventory:

Hand Weapons
 e - a +2 short sword of venom
 f - a +3 short sword
 C - a +3 hand axe
 H - a +2 flail of protection
 J - a +2 vorpal long sword
 M - the +9 short sword of Integrity (weapon) {speed, Contam rF+++ Str+4 Int+3}
   (You found it on level 7 of the Dungeon)

   Attacks with this weapon are significantly faster.
   Str:       It affects your strength (+4).
   Int:       It affects your intelligence (+3).
   rF:        It renders you almost immune to fire.
   Contam:    It causes magical contamination when unequipped.
 O - a +2 antimagic short sword
 R - a +5 flail of freezing
Missiles
 g - 24 poisoned darts
 v - 2 throwing nets
Armour
 d - a +0 cloak (worn)
 l - a +2 robe of willpower (worn)
 n - a +1 leather armour of cold resistance
 p - a +0 helmet (worn)
 s - a +0 pair of boots (worn)
 u - a +0 kite shield
 x - a +0 troll leather armour {Purgy}
 N - +0 steam dragon scales
Jewellery
 E - a ring of poison resistance (left hand)
Wands
 m - a wand of digging (2)
 D - a wand of acid (9)
 I - a wand of paralysis (6)
Scrolls
 b - a scroll of silence {unknown}
 i - 3 scrolls of amnesia
 k - a scroll of vulnerability {unknown}
 q - 4 scrolls of fog
 y - a scroll of enchant armour {unknown}
 A - 2 scrolls of teleportation
 F - a scroll of noise {unknown}
 G - a scroll of magic mapping {unknown}
Potions
 a - 2 potions of cancellation
 c - 2 potions of heal wounds
 h - 2 potions of brilliance {unknown}
 j - 2 potions of attraction
 o - 2 potions of mutation
 r - 5 potions of haste
 t - 4 potions of lignification
 w - 2 potions of curing
 z - 2 potions of magic
 B - a potion of flight
 K - a potion of ambrosia {unknown}
 L - a potion of might {unknown}
 Q - a potion of resistance {unknown}


   Skills:
 - Level 0.1 Fighting
 - Level 7.1 Dodging
 + Level 8.5 Stealth
 - Level 5.7 Spellcasting
 - Level 9.0 Conjurations
 * Level 7.3 Hexes
 - Level 2.0 Summonings
 - Level 6.3 Necromancy
 - Level 10.0 Fire Magic


You had 7 spell levels left.
You knew the following spells:

 Your Spells              Type           Power      Damage    Failure   Level
a - Foxfire               Conj/Fire      100%       2x1d9     1%          1
b - Animate Skeleton      Necr           82%        N/A       1%          1
c - Vampiric Draining     Necr           20%        2d8       1%          3
d - Cause Fear            Hex            23%        N/A       3%          4
e - Fireball              Conj/Fire      28%        3d12      3%          5

Your spell library contained the following spells:

 Spells                   Type           Power      Damage    Failure   Level
 Magic Dart               Conj           100%       1d8       1%          1
 Pain                     Necr           100%       1d9       1%          1
 Conjure Flame            Conj/Fire      56%        6-21      1%          3
 Inner Flame              Hex/Fire       53%        N/A       1%          3
 Sticky Flame             Conj/Fire      56%        2d7       1%          4
 Call Imp                 Summ           18%        N/A       4%          2
 Mephitic Cloud           Conj/Pois/Air  23%        N/A       6%          3
 Discord                  Hex            23%        N/A       100%        8


Dungeon Overview and Level Annotations

Branches:
Dungeon (13/15)            Temple (1/1) D:6          Vaults (0/5) D:13
  Sewer (visited)
   Lair: D:8-11         Orc: D:9-12

Altars:
Ashenzari
Cheibriados
Dithmenos
Elyvilon
Fedhas
Gozag
Hepliaklqana
Kikubaaqudgha
Makhleb
Nemelex Xobeh
Okawaru
Qazlal
Ru
Sif Muna
Uskayaw
Vehumet
Wu Jian
Xom
Yredelemnul
Zin
The Shining One

Shops:
D:4 !

Annotations:
D:13 exclusions: door and 3 more exclusions


Message History

Magic restored.
You start resting.
HP restored.
You see here a troll corpse.
You open the door.
There is an open door here.
Found 9 poisoned darts.
g - 24 poisoned darts (gained 9)
You open the door.
A sea snake comes into view.
Found 16 arrows.
Press: ? - help, v - describe, . - travel An open door.
Placed new exclusion.
Reduced exclusion size to a single square.
There is an open door here.
There is a shaft here.
A shock serpent comes into view.
Press: ? - help, v - describe, . - travel A rock wall.
Casting: Foxfire (safe; 1% risk of failure)
Confirm with . or Enter, or press ? or * to list all spells.
Okay, then.
You conjure some foxfire!
The shock serpent hisses angrily.
You conjure some foxfire!
The foxfire hits the shock serpent.
The shock serpent is lightly wounded.
The foxfire hits the shock serpent!
The shock serpent is moderately wounded.
You conjure some foxfire!
The foxfire hits the shock serpent.
The shock serpent is moderately wounded.
The shock serpent shoots out a bolt of lightning at you!
The bolt of electricity hits your foxfire!! x2
The bolt of electricity hits you! The bolt of electricity hits you!!
The bolt of electricity hits your foxfire!!
The shock serpent shoots out a bolt of lightning at you!
The bolt of electricity hits you!
* * * LOW HITPOINT WARNING * * *
The bolt of electricity hits you!
You die...

#..........###.....
#.......†..# ######
#..........#
########..##
######..##
#........#
#........# .
#§§§§S...#### .
#@§§§>...'..## .
#§§§...>.##..# .
#.§......###.#
#........# #......
#^.......# ##.'...
######'### ##T..
#.# #w. #.# .. #.#
.


You could see a shock serpent.

Vanquished Creatures
  Pikel (D:5)
  A cyclops (D:13)
  A troll (D:13)
  3 slime creatures (D:8)
  Sigmund (D:2)
  A shadow (D:10)
  Eustachio (D:4)
  A steam dragon (D:9)
  3 vampire mosquitoes (D:10)
  Menkaure (D:4)
  Edmund (D:4)
  5 water moccasins
  An acid dragon (D:13)
  A black bear (D:8)
  4 ice beasts
  Purgy (Sewer)
  A sky beast (D:7)
  5 orc warriors
  A necrophage (D:6)
  2 hornet zombies (D:7)
  4 ogres
  A centaur (D:7)
  2 lemures (D:5)
  3 kobold brigands
  3 bullfrogs
  2 scorpions (D:5)
  Blork the orc (D:5)
  A water moccasin zombie (D:7)
  A water moccasin skeleton (D:5)
  A wyvern skeleton (D:6)
  7 wights
  4 howler monkeys
  2 electric eels (D:7)
  3 bullfrog zombies (D:5)
  3 hounds
  A human zombie (D:5)
  4 orc priests
  A centaur zombie (D:7)
  A centaur skeleton (D:7)
  3 jellies
  Jessica (D:2)
  2 iguanas
  6 orc wizards
  3 killer bee zombies
  2 mummies
  A hound zombie (D:5)
  5 gnolls
  A howler monkey zombie (D:8)
  A howler monkey skeleton (D:6)
  10 adders
  2 river rats (D:5)
  An ufetubus (D:6)
  2 adder zombies (D:5)
  3 worms
  34 orcs
  11 endoplasms
  10 giant cockroaches
  8 hobgoblins
  2 jackals (D:3)
  19 kobolds
  4 quokkas
  11 ball pythons
  12 bats
  3 frilled lizards
  10 goblins
  5 rats
253 creatures vanquished.

Vanquished Creatures (collateral kills)
  A slime creature (D:8)
  2 steam dragons
  A water moccasin (D:8)
  A centaur (D:7)
  A kobold brigand (D:8)
  A gnoll sergeant (D:7)
  A bullfrog (D:9)
  A scorpion (D:7)
  An orc wizard (D:6)
  A gnoll (D:7)
  An orc (D:8)
  A ball python (D:5)
  A kobold (D:6)
14 creatures vanquished.

Vanquished Creatures (others)
  A wyvern skeleton (D:7)
  A kobold (D:8)
  1279 foxfires
1281 creatures vanquished.

Grand Total: 1548 creatures vanquished

Notes
Turn   | Place    | Note
-------+----------+-------------------------------------------
     0 | D:1      | Trumpetguy the Deep Elf Fire Elementalist began the quest
                  | for the Orb.
     0 | D:1      | Reached XP level 1. HP: 10/10 MP: 6/6
   246 | D:1      | Reached XP level 2. HP: 15/15 MP: 0/8
   496 | D:1      | Found a faded altar of an unknown god.
  1097 | D:2      | Reached XP level 3. HP: 19/19 MP: 4/9
  1098 | D:2      | Reached skill level 1 in Summonings
  1098 | D:2      | Reached skill level 1 in Necromancy
  1161 | D:2      | Noticed Sigmund
  1374 | D:2      | Learned a level 1 spell: Animate Skeleton
  1528 | D:2      | Found a hazy altar of Hepliaklqana.
  1572 | D:2      | Reached XP level 4. HP: 24/24 MP: 7/10
  2219 | D:2      | Noticed Jessica
  2251 | D:2      | Killed Jessica
  2795 | D:3      | Reached XP level 5. HP: 28/28 MP: 8/11
  3558 | D:3      | Found a hide-covered altar of Uskayaw.
  3718 | D:4      | Found a blossoming altar of Fedhas.
  3787 | D:4      | Found a glowing silver altar of Zin.
  4269 | D:4      | Found Leola's Distillery.
  4430 | D:4      | Bought a potion of curing for 36 gold pieces
  4430 | D:4      | Bought a potion of heal wounds for 60 gold pieces
  4447 | D:4      | Noticed Eustachio
  4505 | D:4      | Reached XP level 6. HP: 32/32 MP: 5/12
  4641 | D:4      | Noticed Menkaure
  4647 | D:4      | Killed Menkaure
  4648 | D:4      | Reached skill level 5 in Conjurations
  4859 | D:4      | Noticed Edmund
  5601 | D:3      | Learned a level 3 spell: Vampiric Draining
  5676 | D:5      | Entered Level 5 of the Dungeon
  5768 | D:5      | Noticed Blork the orc
  5777 | D:5      | Killed Blork the orc
  5778 | D:5      | Reached skill level 4 in Fire Magic
  5852 | D:5      | Reached XP level 7. HP: 36/36 MP: 5/13
  6067 | D:5      | Noticed Pikel
  6433 | D:5      | Found a glowing drain.
  6441 | Sewer    | Entered a sewer
  6563 | Sewer    | Noticed Purgy
  6585 | Sewer    | Killed Purgy
  6907 | D:5      | Reached skill level 5 in Fire Magic
  7018 | D:4      | Bought a potion of magic for 96 gold pieces
  7627 | D:5      | Found an ancient bone altar of Kikubaaqudgha.
  7821 | D:5      | Reached XP level 8. HP: 41/41 MP: 6/14
  8118 | D:4      | Learned a level 2 spell: Call Imp
  8330 | D:4      | Killed Edmund
  8331 | D:4      | Reached skill level 5 in Dodging
  8331 | D:4      | Reached skill level 5 in Stealth
  8331 | D:4      | Reached skill level 6 in Fire Magic
  8617 | D:4      | Killed Eustachio
  8782 | D:2      | Killed Sigmund
  9139 | D:5      | Reached skill level 5 in Necromancy
  9336 | D:5      | Found an iron altar of Okawaru.
  9344 | D:5      | Reached skill level 7 in Fire Magic
  9761 | D:5      | HP: 1/36 [wight (5)]
 10227 | D:5      | Reached XP level 9. HP: 37/40 MP: 8/16
 10678 | D:5      | Killed Pikel
 11448 | D:6      | Reached skill level 5 in Spellcasting
 11908 | D:6      | Reached skill level 8 in Fire Magic
 12001 | D:6      | Learned a level 5 spell: Fireball
 12313 | D:6      | Found a staircase to the Ecumenical Temple.
 12319 | Temple   | Entered the Ecumenical Temple
 12490 | Temple   | Became a worshipper of Sif Muna the Loreminder
 13031 | D:7      | Identified the +9 short sword of Integrity {speed, Contam
                  | rF+++ Str+4 Int+3}
 13040 | D:7      | Found a sacrificial altar of Ru.
 14040 | D:7      | Reached skill level 9 in Fire Magic
 14040 | D:7      | Reached XP level 10. HP: 44/50 MP: 10/20
 14346 | D:7      | Reached * piety under Sif Muna
 16290 | D:8      | Found a snail-covered altar of Cheibriados.
 16940 | D:8      | Reached skill level 1 in Hexes
 16940 | D:8      | Reached skill level 10 in Fire Magic
 17224 | D:8      | Found a radiant altar of Vehumet.
 17230 | D:8      | Found a sparkling altar of Nemelex Xobeh.
 17235 | D:8      | Found an opulent altar of Gozag.
 17728 | D:9      | Reached ** piety under Sif Muna
 18111 | D:9      | Found a white marble altar of Elyvilon.
 18416 | D:9      | Found a shimmering altar of Xom.
 18600 | D:9      | Reached skill level 5 in Hexes
 19018 | D:10     | Entered Level 10 of the Dungeon
 19091 | D:10     | Learned a level 4 spell: Cause Fear
 19253 | D:10     | You fall into a shaft and drop 3 floors!
 19277 | D:13     | Noticed a skeletal warrior
 19277 | D:13     | Noticed a skeletal warrior
 19277 | D:13     | Noticed a skeletal warrior
 19309 | D:13     | Noticed a red ugly thing
 19344 | D:13     | Noticed a cyclops
 19395 | D:13     | Killed a cyclops
 19396 | D:13     | Reached XP level 11. HP: 51/54 MP: 1/21
 19533 | D:13     | Noticed a brown ugly thing
 19646 | D:13     | Found a gate to the Vaults.
 19795 | D:13     | Noticed a sea snake
 19815 | D:13     | Noticed a shock serpent
 19820 | D:13     | Killed from afar by a shock serpent (shapeshifter)

Illustrated notes

Levels and vault maps discovered:
D:1:      dpeg_arrival_arbitrary_a, layout_basic,
          chequers_ecumenical_altar_grove
D:2:      minmay_chambers_of_twos, layout_loops_ring, basic_altar,
          chequers_hall_statues_wall_a, uniq_sigmund, uniq_jessica
D:3:      layout_basic, nicolae_uskayaw_suspiria, kennysheep_generic_room_15
D:4:      layout_basic, lemuel_round_altar, mainiacjoe_overflow_small_starburst,
          serial_shops, shop_statue, uniq_eustachio, uniq_edmund, uniq_menkaure
D:5:      layout_loops_ring, lemuel_mausoleum_altar_kikubaaqudgha,
          overflow_temple_1_default, portal_sewer_entry_a, uniq_pikel,
          uniq_blork_the_orc
D:6:      layout_basic, minmay_temple_entry_enclosed_plants,
          hangedman_decor_riveting
D:7:      minmay_bubble_buster, layout_basic, nicolae_ru_awakened_eye,
          chequers_serial_rivers_large_a, kennysheep_small_spiral
D:8:      layout_basic, chei_slow_surprise, minitemple, serial_curves,
          eino_curves_02, eino_curves_03, grunt_ministairs_2
D:9:      layout_gridville, nicolae_elyvilon_peaceful_grove, lemuel_doored_altar
D:10:     layout_grid_maze, old_standard_altar, dpeg_lair_monsters
D:13:     layout_roguey, david_vaults_2
Temple:   nicolae_temple_figure_zero

Skill      XL: |  1  2  3  4  5  6  7  8  9 10 |
---------------+-------------------------------+-----
Summonings     | 1 2 |  2.0
Necromancy     | 1 2 3 5 6 |  6.3
Stealth        | 3 4 5 7 8 |  8.5
Conjurations   | 2 3 4 5 6 7 9 |  9.0
Dodging        | 3 4 5 6 7 |  7.1
Fire Magic     | 4 5 7 9 10 | 10.0
Spellcasting   | 5 |  5.7
Hexes          | 7 |  7.3
Fighting       | |  0.1

Action                   |  1- 3 |  4- 6 |  7- 9 | 10-12 || total
-------------------------+-------+-------+-------+-------++-------
Melee: Short sword       |       |       |     7 |    13 ||    20
 Cast: Foxfire           |    92 |   179 |   336 |   202 ||   809
       Animate Skeleton  |       |     1 |     7 |    10 ||    18
       Vampiric Draining |       |       |    14 |    11 ||    25
       Call Imp          |       |       |    50 |    60 ||   110
       Fireball          |       |       |     2 |    15 ||    17
       Cause Fear        |       |       |       |     6 ||     6
Evoke: Wand              |       |       |       |     5 ||     5
  Use: Potion            |       |     4 |     2 |     2 ||     8
       Scroll            |       |       |     3 |     5 ||     8
 Stab: Distracted        |       |       |       |     1 ||     1
Armor: Robe              |     2 |     5 |    27 |    17 ||    51
Dodge: Dodged            |     4 |    17 |    96 |    48 ||   165
